 Dungeon Crawl Stone Soup version 0.18-a0-1782-gb76a692 (webtiles) character file.

126 namelastname112 the Conjurer (level 4, 0/33 HPs)
             Began as a Draconian Conjurer on Apr 17, 2016.
             Slain by an orc
             ... wielding a cursed +0 flail
              (6 damage)
             ... on level 3 of the Dungeon.
             The game lasted 00:03:17 (2451 turns).

namelastname112 the Conjurer (Draconian Conjurer)   Turns: 2451, Time: 00:03:17

Health: 0/33       AC:  5    Str: 10    XL:     4   Next: 83%
Magic:  3/9        EV:  6    Int: 16    God:
Gold:   101        SH:  0    Dex: 12    Spells: 2 memorised, 7 levels left

rFire  . . .     SeeInvis .     i - +2 dagger (venom)
rCold  . . .     Gourm    .     (armour unavailable)
rNeg   . . .     Faith    .     (no shield)
rPois  .         Spirit   .     f - +0 hat
rElec  .         Dismiss  .     (no cloak)
rCorr  .         Reflect  .     (no gloves)
SustAt .         Harm     .     (no boots)
MR     .....                    (no amulet)
Stlth  +.........               (no ring)
                                (no ring)

@: very slightly contaminated, heavily drained, not resistant to hostile
enchantments, very unstealthy
A: unfitting armour, cold-blooded, AC +5
a: no special abilities


You were on level 3 of the Dungeon.
You were not hungry.

You visited 1 branch of the dungeon, and saw 3 of its levels.

You collected 101 gold pieces.

Inventory:

Hand Weapons
 i - a +2 dagger of venom (weapon)
Armour
 f - a +0 hat (worn)
Wands
 l - a wand of digging (8/24)
Scrolls
 c - 6 scrolls of identify {unknown}
 e - a scroll of enchant weapon {unknown}
 g - a scroll of random uselessness {unknown}
 h - 2 scrolls of teleportation {unknown}
Potions
 j - 2 potions of lignification {unknown}
Books
 a - a book of Conjurations

   Spells                             Type                      Level
   a - Magic Dart                     Conjuration                  1
   b - Searing Ray                    Conjuration                  2
   c - Dazzling Spray                 Conjuration/Hexes            3
   d - Fulminant Prism                Conjuration/Hexes            4
   e - Iskenderun's Mystic Blast      Conjuration                  4
   f - Iskenderun's Battlesphere      Conjuration/Charms           5
Comestibles
 b - 2 bread rations
 d - a meat ration


   Skills:
 - Level 1.7(0.1) Dodging
 - Level 1.7(0.1) Stealth
 + Level 3.6(1.9) Spellcasting
 + Level 5.2(3.4) Conjurations


You had 7 spell levels left.
You knew the following spells:

 Your Spells              Type           Power        Failure   Level  Hunger
x - Searing Ray           Conj           ##....       10%         2    ###....
z - Magic Dart            Conj           ##..         8%          1    #......


Dungeon Overview and Level Annotations

Branches:
Dungeon (3/15)

Altars:


Innate Abilities, Weirdness & Mutations

Your plain brown scales are hard (AC +5).
Your body does not fit into most forms of armour.
You are cold-blooded and may be slowed by cold attacks.


Message History

Confirm with . or Enter, or press ? or * to list all spells.
Aiming: Searing Ray
Press: ? - help, Shift-Dir - straight line, f - orc
Aim: an orc, wielding a flail You miscast Searing Ray.
You are very lightly contaminated with residual magic.
Sparks fly from your hands! The orc barely misses you.
You now have 1/9 mp.
The orc hits you with a flail!
A giant gecko comes into view.
You take 7 damage, and have 10/33 hp.
MASSIVE DAMAGE!!
The orc hits you with a flail.
* * * LOW HITPOINT WARNING * * *
You take 6 damage, and have 4/33 hp.
The giant newt barely misses you. The giant newt closely misses you.
Found a scroll labeled GOTHRU CAFENUATZ.
There is a stone staircase leading up, spattered with blood here.
The orc hits you with a flail.
You die...

#.##. #..........#
###....###..........#
.........o..........#
##.....####l......#
.....#...###.#######
.... #o#.##o.# ##..
#.#...l####### #..
#)#..##o.....#
##.##.#..##.@....#
####....†..###.)....#
#$..........).......#
#.....#......#..>...#
#.......##.#.########
..................#
..................#
##...###..........#
#### ############


You could see 2 orcs and a giant gecko.

Vanquished Creatures
  Ijyb (D:2)
  3 adders (D:2)
  2 worms (D:2)
  2 dart slugs
  2 giant geckos (D:1)
  3 orcs (D:3)
  3 giant cockroaches
  13 goblins
  A hobgoblin (D:2)
  13 jackals
  A quokka (D:2)
  2 ball pythons (D:2)
  A bat (D:1)
  2 kobolds (D:2)
  5 rats
54 creatures vanquished.

Notes
Turn   | Place    | Note
--------------------------------------------------------------
     0 | D:1      | namelastname112 the Draconian Conjurer began the quest for the Orb.
     0 | D:1      | Reached XP level 1. HP: 14/14 MP: 3/3
   281 | D:1      | Reached XP level 2. HP: 19/20 MP: 3/5
   285 | D:1      | Learned a level 2 spell: Searing Ray
   781 | D:2      | Reached XP level 3. HP: 7/26 MP: 1/7
  1567 | D:2      | Reached XP level 4. HP: 33/33 MP: 0/8
  2064 | D:2      | Noticed Ijyb
  2105 | D:2      | Killed Ijyb
  2105 | D:2      | Reached skill level 5 in Conjurations
  2451 | D:3      | Slain by an orc

Vault maps used:
D:1:      lightli_arrival_statuegarden
D:2:      kennysheep_goblin_castle, minmay_misc_feat_roman
D:3:      fedhas_altar_1, first_bread, nemelex_xobeh_ov_fountains_minmay

Skill      XL: |  1  2  3  4 |
---------------+-------------+-----
Spellcasting   | 3 |  3.6
Conjurations   | 5 |  5.2
Dodging        | |  1.7
Stealth        | |  1.7

Action                   |  1- 3 |  4- 6 || total
-------------------------+-------+-------++-------
Melee: Short sword       |    30 |       ||    30
       Tailslap          |     3 |     4 ||     7
       Spear             |    22 |       ||    22
       Dagger            |    13 |    27 ||    40
 Cast: Magic Dart        |    48 |    20 ||    68
       Searing Ray       |     3 |     2 ||     5
  Eat: Chunk             |     2 |     4 ||     6
Armor: Skin              |    35 |    13 ||    48
Dodge: Dodged            |    53 |    35 ||    88
